 Dungeon Crawl Stone Soup version 0.27-a0-1136-g0b992a5a9d (console) character file.

Game seed: 12401737685074506100

199 nht the Chopper (level 5, -2/64 HPs)
             Began as a Palentonga Berserker on May 5, 2021.
             Was a Believer of Trog.
             Killed from afar by Natasha (7 damage)
             ... with a puff of flame
             ... on level 3 of the Dungeon.
             The game lasted 00:07:11 (1527 turns).

nht the Chopper (Palentonga Berserker)              Turns: 1527, Time: 00:07:12

Health: -2/64      AC:  5    Str: 21    XL:     5   Next: 48%
Magic:  5/5        EV:  9    Int:  8    God:    Trog [**....]
Gold:   45         SH:  0    Dex:  9    Spells: 4/4 levels left

rFire    . . .     SeeInvis +   a - +1 hand axe
rCold    . . .     Faith    .   (no shield)
rNeg     . . .     Spirit   .   b - +1 animal skin
rPois    .         Reflect  .   (no helmet)
rElec    .         Harm     .   (no cloak)
rCorr    .         Rampage  .   (no gloves)
Will     .....                  (no barding)
Stlth    ..........             (no amulet)
HPRegen  0.20/turn              (no ring)
MPRegen  0.09/turn              (no ring)

@: berserking, very quick
A: large, rugged brown scales 3, see invisible, deformed body, roll 1, armoured
tail
a: Rolling Charge, Renounce Religion, Berserk, Trog's Hand


You were on level 3 of the Dungeon.
You worshipped Trog.
Trog was pleased with you.
You visited 1 branch of the dungeon, and saw 4 of its levels.

You collected 45 gold pieces.

Inventory:

Hand Weapons
 a - a +1 hand axe (weapon)
Missiles
 i - 16 poisoned darts (quivered)
Armour
 b - a +1 animal skin (worn)
Scrolls
 d - a scroll of identify
 e - a scroll of blinking
 g - a scroll of magic mapping
Potions
 c - a potion of cancellation


   Skills:
 - Level 3.0 Fighting
 + Level 6.3 Axes
 - Level 1.5 Armour
 - Level 1.5 Dodging


You had 4 spell levels left.
You didn't know any spells.
Your spell library was empty.

Dungeon Overview and Level Annotations

Branches:
Dungeon (4/15)
 Temple: D:4-7

Altars:
Ru

Annotations:
D:3 2 transporters, Natasha


Innate Abilities, Weirdness & Mutations

You are completely covered in rugged brown scales. (AC +3, +7% HP)
You have supernaturally acute eyesight. (SInv)
Armour fits poorly on your strangely shaped body.
You can roll at nearby foes to attack.
You have a long armoured tail.


Message History

You don't have any unidentified items.
You see here a scroll of amnesia.
There is a stone staircase leading down here.
You climb downwards.
There is a stone staircase leading up here.
You recover from your berserk rage.
You see here a hobgoblin corpse.
There is a stone staircase leading up here.
You climb upwards.
Level annotation: 2 transporters Natasha, Servant of Life and Death comes into view.
She is carrying a wand of flame (14).
There is a stone staircase leading down here.
Aiming: Iceblast
Press: ? - help, Shift-Dir - straight line, f - Natasha
Aim: Natasha, carrying a wand of flame (14) (wandering, hasn't noticed you)
The mass of ice explodes!
The iceblast engulfs Natasha!!
You kill Natasha!
Trog accepts your kill.
Trog appreciates your killing of a magic user.
Natasha screams in fury as she dies!
You see here the felid corpse of Natasha.
Natasha, Servant of Life and Death comes into view.
She is carrying a wand of flame (14).
Aiming: Iceblast
Press: ? - help, Shift-Dir - straight line, f - Natasha
Aim: Natasha, carrying a wand of flame (14)
The mass of ice explodes!
The iceblast engulfs Natasha!
Natasha is heavily wounded.
The now-empty wand crumbles to dust.
Natasha casts a spell at you. The magic dart hits you.
* * * LOW HITPOINT WARNING * * *
Okay, then.
Okay, then.
Natasha stares at you and mumbles some strange words.
The magic dart hits you!
* * * LOW HITPOINT WARNING * * *
A red film seems to cover your vision as you go berserk!
You feel yourself moving faster!
You feel mighty!
Natasha zaps a wand.
The puff of flame hits you!
You die... ......██.██ █.█ █..... █........████ █.█ █.████ █..█████....██ █.███████.█ ████

█.██>.███....██...█ <..█
█..██...████.█..███ ██.█
██)████...██...██ .█
█████..█████.██...█████
....................█.....███
█.████....h@..†.............
█ █.................██...
█...........█████....█.
█...........█ ████...
█..........██


████ █..........█ █..........█ ████████████ You could see Natasha.

Vanquished Creatures
  An orc priest (D:3)
  Natasha (twice) (D:3)
  A gnoll (D:1)
  4 adders (D:2)
  A white imp (D:2)
  A worm (D:2)
  2 dart slugs (D:1)
  2 orcs (D:3)
  3 ball pythons
  6 bats
  3 endoplasms
  4 giant cockroaches
  5 hobgoblins
  7 jackals (D:2)
  2 kobolds
  4 quokkas
  2 frilled lizards (D:2)
  2 goblins
  3 rats
55 creatures vanquished.

Notes
Turn   | Place    | Note
-------+----------+-------------------------------------------
     0 | D:1      | nht the Palentonga Berserker began the quest for the Orb.
     0 | D:1      | Reached XP level 1. HP: 19/19 MP: 1/1
    82 | D:1      | Reached XP level 2. HP: 11/25 MP: 2/2
   160 | D:1      | Reached skill level 4 in Axes
   374 | D:1      | Reached XP level 3. HP: 31/31 MP: 3/3
   423 | D:1      | Found a faded altar of an unknown god.
  1024 | D:2      | Reached XP level 4. HP: 23/37 MP: 4/4
  1082 | D:2      | Reached ** piety under Trog
  1083 | D:2      | Reached skill level 5 in Axes
  1391 | D:3      | Found a transporter.
  1401 | D:3      | Found a transporter.
  1401 | D:3      | Noticed an orc warrior
  1401 | D:3      | Noticed a wraith
  1405 | D:3      | Found a sacrificial altar of Ru.
  1430 | D:3      | Noticed Natasha
  1435 | D:3      | Killed Natasha
  1452 | D:3      | Reached XP level 5. HP: 18/43 MP: 5/5
  1453 | D:3      | Reached skill level 6 in Axes
  1491 | D:3      | Noticed Natasha
  1492 | D:3      | Killed Natasha
  1522 | D:3      | Noticed Natasha
  1527 | D:3      | Killed from afar by Natasha

Illustrated notes

Levels and vault maps discovered:
D:1:      minmay_arrival_widening_spiral_wide, layout_basic,
          ebering_ecumenical_altar_box, minivault_27
D:2:      layout_basic
D:3:      kennysheep_goblin_castle, layout_rooms, grunt_qazlal_sundering,
          gammafunk_temple_overflow_arena, minivault_24, uniq_natasha
D:4:      kennysheep_six_static_rooms, layout_rooms, minivault_19

Skill      XL: |  1  2  3  4  5 |
---------------+----------------+-----
Axes           | 4 5 6 |  6.3
Fighting       | |  3.0
Armour         | |  1.5
Dodging        | |  1.5

Action                   |  1- 3 |  4- 6 || total
-------------------------+-------+-------++-------
Melee: Hand axe          |    94 |    60 ||   154
       Tailslap          |    14 |     4 ||    18
Throw: Dart              |       |     4 ||     4
Invok: Berserk           |     2 |     4 ||     6
 Abil: Rolling Charge    |     3 |       ||     3
Evoke: Wand              |     4 |     3 ||     7
  Use: Scroll            |     7 |     2 ||     9
 Stab: Sleeping          |       |     1 ||     1
Armor: Animal skin       |    34 |    23 ||    57
Dodge: Dodged            |    48 |    31 ||    79

Table legend: (Time is in decaauts)
 A = Elapsed time spent in this place.
 B = Non-inter-level travel time spent in this place.
 C = Inter-level travel time spent in this place.
 D = Time resting spent in this place.
 E = Time spent auto-exploring this place.
 F = Levels seen in this place.
 G = Mean time per level.
                   A        B        C        D        E       F      G
               +--------+--------+--------+--------+--------+-----+--------+
         Total |   1599 |   1447 |    152 |      0 |    549 |   4 |  399.8 |
       Dungeon |   1599 |   1447 |    152 |      0 |    549 |   4 |  399.8 |
               +--------+--------+--------+--------+--------+-----+--------+

Top non-repeatable levels by time:
     D:1: 863 daAuts
     D:2: 513 daAuts
     D:3: 201 daAuts
     D:4: 21 daAuts
